AA CENTRAL
FRISCO ROUGHRIDERS @ NORTHWEST ARKANSAS NATURALS
08/21/2041
 
TOP OF THE 1ST
Frisco RoughRiders batting - Pitching for Northwest Arkansas Naturals : LHP Sergio Vásquez
Pitching: LHP Sergio Vásquez
Batting: RHB Dave Maxwell 0-0: Foul Ball, location: 5DF
0-1: Ball
1-1: Fly out, F8 (Flyball, 8RM, EV 98.8 MPH)
Batting: RHB António Ramírez 0-0: Called Strike
0-1: Ball
1-1: Ball
2-1: Ground out 6-3 (Groundball, 6, EV 83.8 MPH)
Batting: LHB Caspar Ahernfeld 0-0: Ball
1-0: Ball
2-0: Foul Ball, location: 9LSF
2-1: SINGLE (Line Drive, 6MD, EV 103.8 MPH)
Batting: RHB Joel Johnson 0-0: Called Strike
0-1: Foul Ball, location: 3FF
0-2: Foul Ball, location: 25FF
0-2: Foul Ball, location: 7LSFF
0-2: Ball
1-2: Ball
2-2: Fly out, F3 (Popup, 34S, EV 77.5 MPH)
Top of the 1st over - 0 runs, 1 hit, 0 errors, 1 left on base; Frisco 0 - Northwest Arkansas 0
BOTTOM OF THE 1ST
Northwest Arkansas Naturals batting - Pitching for Frisco RoughRiders : RHP Jim Rose
Pitching: RHP Jim Rose
Batting: LHB Sonny Pouliot 0-0: Called Strike
0-1: Foul Ball, location: 3F
0-2: Foul Ball, location: 7LSFF
0-2: Fly out, F9 (Line Drive, 9S, EV 92.5 MPH)
Batting: SHB Jesús Catete 0-0: Foul Ball, location: 9LDF
0-1: Ball
1-1: Ball
2-1: Ball
3-1: Called Strike
3-2: Foul Ball, location: 7LDF
3-2: Strikes out swinging, 2-3 out at first.
Batting: LHB António Garduno 0-0: Ball
1-0: Ground out U3 (Groundball, 3, EV 81.9 MPH)
Bottom of the 1st over - 0 runs, 0 hits, 0 errors, 0 left on base; Frisco 0 - Northwest Arkansas 0
TOP OF THE 2ND
Frisco RoughRiders batting - Pitching for Northwest Arkansas Naturals : LHP Sergio Vásquez
Batting: LHB Shawn Rice 0-0: Ball
1-0: Ground out 4-3 (Groundball, 4, EV 84.4 MPH)
Batting: LHB Jim Unknown 0-0: Called Strike
0-1: Ball
1-1: Ball
2-1: Ground out U3 (Groundball, 3S, EV 83.8 MPH)
Batting: RHB Jim Unknown 0-0: Ball
1-0: Called Strike
1-1: Foul Ball, location: 7LSF
1-2: Foul Ball, location: 9LDF
1-2: Ball
2-2: Foul Ball, location: 23F
2-2: Strikes out swinging
Top of the 2nd over - 0 runs, 0 hits, 0 errors, 0 left on base; Frisco 0 - Northwest Arkansas 0
BOTTOM OF THE 2ND
Northwest Arkansas Naturals batting - Pitching for Frisco RoughRiders : RHP Jim Rose
Batting: SHB Luis Ramírez 0-0: Called Strike
0-1: Foul Ball, location: 5F
0-2: Ball
1-2: Ball
2-2: Strikes out looking
Batting: LHB Pete Barry 0-0: Called Strike
0-1: Swinging Strike
0-2: Ball
1-2: Strikes out looking
Batting: RHB Gil Reynolds 0-0: Called Strike
0-1: SINGLE (Groundball, 6MD, EV 105.0 MPH)
Batting: LHB Kevin Gray 0-0: Called Strike
0-1: Foul Ball, location: 2F
0-2: Ball
1-2: Ball
2-2: Strikes out swinging
Bottom of the 2nd over - 0 runs, 1 hit, 0 errors, 1 left on base; Frisco 0 - Northwest Arkansas 0
TOP OF THE 3RD
Frisco RoughRiders batting - Pitching for Northwest Arkansas Naturals : LHP Sergio Vásquez
Batting: LHB Jim Unknown 0-0: Ground out 6-3 (Groundball, 6, EV 103.8 MPH)
Batting: LHB Jim Unknown 0-0: Ground out 4-3 (Groundball, 4, EV 83.8 MPH)
Batting: RHB Dave Maxwell 0-0: Ball
1-0: SINGLE (Line Drive, 7LS, EV 94.4 MPH)
Batting: RHB António Ramírez 0-0: Ball
1-0: Swinging Strike
1-1: Ball
2-1: Ball
3-1: Base on Balls
Dave Maxwell to second
Batting: LHB Caspar Ahernfeld 0-0: Fielders Choice at 2nd, 6-4 (Groundball, 6, EV 87.5 MPH)
Top of the 3rd over - 0 runs, 1 hit, 0 errors, 2 left on base; Frisco 0 - Northwest Arkansas 0
BOTTOM OF THE 3RD
Northwest Arkansas Naturals batting - Pitching for Frisco RoughRiders : RHP Jim Rose
Batting: RHB Cris Camacho 0-0: Ball
1-0: Ball
2-0: Swinging Strike
2-1: Foul Ball, location: 2F
2-2: Ground out 1-3 (Groundball, 13S, EV 66.3 MPH)
Batting: RHB Steve Thomason 0-0: Called Strike
0-1: Ball
1-1: Foul Ball, location: 2F
1-2: Ball
2-2: Foul Ball, location: 2F
2-2: Ball
3-2: Base on Balls
Batting: LHB Sonny Pouliot 0-0: Ball
1-0: Ball
2-0: Foul Ball, location: 25F
2-1: Grounds into double play, 4-6-3 (Groundball, 4, EV 76.9 MPH)
Bottom of the 3rd over - 0 runs, 0 hits, 0 errors, 0 left on base; Frisco 0 - Northwest Arkansas 0
TOP OF THE 4TH
Frisco RoughRiders batting - Pitching for Northwest Arkansas Naturals : LHP Sergio Vásquez
Batting: RHB Joel Johnson 0-0: Ball
1-0: Ball
2-0: Called Strike
2-1: Ball
3-1: Base on Balls
Batting: LHB Shawn Rice 0-0: Fielders Choice at 2nd, 5-4 (Groundball, 5, EV 99.4 MPH)
Batting: LHB Jim Unknown 0-0: Ball
1-0: Fly out, F8 (Flyball, 8LM, EV 100.0 MPH)
Batting: RHB Jim Unknown 0-0: Called Strike
Shawn Rice is caught stealing 2nd base 2-4
Top of the 4th over - 0 runs, 0 hits, 0 errors, 0 left on base; Frisco 0 - Northwest Arkansas 0
BOTTOM OF THE 4TH
Northwest Arkansas Naturals batting - Pitching for Frisco RoughRiders : RHP Jim Rose
Batting: SHB Jesús Catete 0-0: Foul Ball, location: 9LMF
0-1: Called Strike
0-2: Strikes out looking
Pitching: LHP Jim Unknown
Batting: LHB António Garduno 0-0: Ball
1-0: Called Strike
1-1: Called Strike
1-2: Ball
2-2: Ball
3-2: Base on Balls
Batting: SHB Luis Ramírez 0-0: Ball
1-0: Called Strike
1-1: Ball
2-1: Ball
3-1: Base on Balls
António Garduno to second
Batting: LHB Pete Barry 0-0: Ball
1-0: Ball
2-0: Called Strike
2-1: Ball
Wild Pitch!
António Garduno to third
Luis Ramírez to second
3-1: Called Strike
3-2: Foul Ball, location: 2F
3-2: Ground out 2-3 (Groundball, 15S, EV 73.1 MPH)
Batting: RHB Gil Reynolds 0-0: Fly out, F8 (Flyball, 89M, EV 91.9 MPH)
Bottom of the 4th over - 0 runs, 0 hits, 0 errors, 2 left on base; Frisco 0 - Northwest Arkansas 0
TOP OF THE 5TH
Frisco RoughRiders batting - Pitching for Northwest Arkansas Naturals : LHP Sergio Vásquez
Batting: RHB Jim Unknown 0-0: Ground out 1-3 (Groundball, 13S, EV 70.6 MPH)
Batting: LHB Jim Unknown 0-0: Ball
1-0: Fly out, F8 (Line Drive, 78M, EV 88.8 MPH)
Batting: LHB Jim Unknown 0-0: SINGLE (Line Drive, 6M, EV 107.5 MPH)
Batting: RHB Dave Maxwell 0-0: Ball
1-0: SINGLE (Line Drive, 4D, EV 100.0 MPH)
Jim Unknown to second
Batting: RHB António Ramírez 0-0: Called Strike
0-1: Called Strike
0-2: Ball
1-2: Foul Ball, location: 9LDF
1-2: Ball
2-2: Foul Ball, location: 7LSF
2-2: Ball
3-2: Base on Balls
Jim Unknown to third
Dave Maxwell to second
Batting: LHB Caspar Ahernfeld 0-0: Foul Ball, location: 9LSF
0-1: Ball
1-1: Ball
Wild Pitch!
Jim Unknown scores
Dave Maxwell to third
António Ramírez to second
2-1: Ball
3-1: Called Strike
3-2: Strikes out swinging
Top of the 5th over - 1 run, 2 hits, 0 errors, 2 left on base; Frisco 1 - Northwest Arkansas 0
BOTTOM OF THE 5TH
Northwest Arkansas Naturals batting - Pitching for Frisco RoughRiders : LHP Jim Unknown
Pinch Hitting: RHB Jorge Vargas 0-0: Ball
1-0: Ball
2-0: Fly out, F7 (Flyball, 7, EV 94.4 MPH)
Batting: RHB Cris Camacho 0-0: Ball
1-0: Ball
2-0: Ball
3-0: Called Strike
3-1: Called Strike
3-2: Foul Ball, location: 9LMF
3-2: SINGLE (Groundball, 56S, EV 66.3 MPH) (infield hit)
Batting: RHB Steve Thomason 0-0: Called Strike
0-1: Called Strike
0-2: Strikes out looking
Batting: LHB Sonny Pouliot 0-0: Ball
1-0: Ground out 4-3 (Groundball, 4, EV 101.9 MPH)
Bottom of the 5th over - 0 runs, 1 hit, 0 errors, 1 left on base; Frisco 1 - Northwest Arkansas 0
TOP OF THE 6TH
Frisco RoughRiders batting - Pitching for Northwest Arkansas Naturals : LHP Sergio Vásquez
Now in CF: José Sánchez
Batting: RHB Joel Johnson 0-0: Called Strike
0-1: Ball
1-1: SINGLE (Line Drive, 6M, EV 95.0 MPH)
Batting: LHB Shawn Rice 0-0: Ball
1-0: Foul Ball, location: 2F
1-1: Foul Ball, location: 2F
1-2: DOUBLE (Flyball, 89XD, EV 95.6 MPH)
Joel Johnson to third
Pitching: RHP Po-sin Chen
Batting: LHB Jim Unknown 0-0: Swinging Strike
0-1: Ball
1-1: Ball
2-1: Foul Ball, location: 2F
2-2: Foul Ball, location: 2F
2-2: Strikes out swinging
Batting: RHB Jim Unknown 0-0: Ball
1-0: Ball
2-0: Foul Ball, location: 9LMF
2-1: Fly out, F9 (Flyball, 89S, EV 91.3 MPH)
Batting: LHB Jim Unknown 0-0: Ground out 6-3 (Groundball, 56, EV 103.1 MPH)
Top of the 6th over - 0 runs, 2 hits, 0 errors, 2 left on base; Frisco 1 - Northwest Arkansas 0
BOTTOM OF THE 6TH
Northwest Arkansas Naturals batting - Pitching for Frisco RoughRiders : LHP Jim Unknown
Batting: SHB Jesús Catete 0-0: Ball
1-0: Ball
2-0: Foul Ball, location: 9LDF
2-1: Ground out 6-3 (Groundball, 6MD, EV 96.9 MPH)
Batting: LHB António Garduno 0-0: Ball
1-0: Swinging Strike
1-1: Called Strike
1-2: Fly out, F6 (Popup, 6MS, EV 81.9 MPH)
Batting: SHB Luis Ramírez 0-0: Foul Ball, location: 2F
0-1: Swinging Strike
0-2: Ball
1-2: Ground out U3 (Groundball, 3, EV 103.1 MPH)
Bottom of the 6th over - 0 runs, 0 hits, 0 errors, 0 left on base; Frisco 1 - Northwest Arkansas 0
TOP OF THE 7TH
Frisco RoughRiders batting - Pitching for Northwest Arkansas Naturals : RHP Po-sin Chen
Batting: LHB Jim Unknown 0-0: Ball
1-0: Ball
2-0: Foul Ball, location: 5SF
2-1: Swinging Strike
2-2: Ball
3-2: Strikes out looking
Batting: RHB Dave Maxwell 0-0: Ball
1-0: Called Strike
1-1: Ball
2-1: Foul Ball, location: 9LMF
2-2: Ground out 6-3 (Groundball, 6S, EV 82.5 MPH)
Batting: RHB António Ramírez 0-0: Ball
1-0: Ball
2-0: Ground out 6-3 (Groundball, 6, EV 95.0 MPH)
Top of the 7th over - 0 runs, 0 hits, 0 errors, 0 left on base; Frisco 1 - Northwest Arkansas 0
BOTTOM OF THE 7TH
Northwest Arkansas Naturals batting - Pitching for Frisco RoughRiders : LHP Jim Unknown
Pinch Hitting: RHB Brad Reynolds 0-0: Ball
1-0: Called Strike
1-1: Ground out 6-3 (Groundball, 6, EV 86.3 MPH)
Batting: RHB Gil Reynolds 0-0: Ball
1-0: Foul Ball, location: 9LDF
1-1: Ball
2-1: Ball
3-1: Foul Ball, location: 2F
3-2: Base on Balls
Pitching: RHP Jim Unknown
Batting: LHB José Sánchez 0-0: Ball
1-0: Foul Ball, location: 5F
1-1: Ball
2-1: Ball
3-1: Called Strike
3-2: Foul Ball, location: 2F
3-2: Foul Ball, location: 2F
3-2: Base on Balls
Gil Reynolds to second
Pinch Hitting: LHB Joe Hancock 0-0: Called Strike
0-1: Foul Ball, location: 2F
0-2: Ball
1-2: Ball
2-2: Ball
3-2: Strikes out swinging
Batting: RHB Steve Thomason 0-0: Fly out, F8 (Line Drive, 8LD, EV 88.1 MPH)
Bottom of the 7th over - 0 runs, 0 hits, 0 errors, 2 left on base; Frisco 1 - Northwest Arkansas 0
TOP OF THE 8TH
Frisco RoughRiders batting - Pitching for Northwest Arkansas Naturals : RHP Po-sin Chen
Now at 2B: Kevin Graves
Now at 3B: Joe Hancock
Now at SS: Gil Reynolds
Batting: LHB Caspar Ahernfeld 0-0: Called Strike
0-1: SINGLE (Line Drive, 9S, EV 89.4 MPH)
Batting: RHB Joel Johnson 0-0: Ball
1-0: Ball
2-0: Ball
3-0: Base on Balls
Caspar Ahernfeld to second
Batting: LHB Shawn Rice 0-0: Fly out, F4 (Popup, 4D, EV 55.0 MPH)
Batting: LHB Jim Unknown 0-0: Ball
1-0: Called Strike
1-1: Ball
2-1: Called Strike
2-2: SINGLE (Groundball, 2L, EV 68.1 MPH) (infield hit)
Caspar Ahernfeld to third
Joel Johnson to second
Batting: RHB Jim Unknown 0-0: Foul Ball, location: 7LMF
0-1: Swinging Strike
0-2: Grounds into double play, 4-2-3 (Groundball, 4, EV 88.1 MPH)
Top of the 8th over - 0 runs, 2 hits, 0 errors, 2 left on base; Frisco 1 - Northwest Arkansas 0
BOTTOM OF THE 8TH
Northwest Arkansas Naturals batting - Pitching for Frisco RoughRiders : RHP Jim Unknown
Batting: LHB Sonny Pouliot 0-0: Swinging Strike
0-1: Ball
1-1: Foul Ball, location: 2F
1-2: Ball
2-2: SINGLE (Flyball, 56D, EV 95.0 MPH)
Batting: SHB Jesús Catete 0-0: Ball
1-0: SINGLE (Flyball, 5D, EV 85.0 MPH)
Sonny Pouliot to second
Batting: LHB António Garduno 0-0: Ball
1-0: Ball
2-0: Called Strike
2-1: Foul Ball, location: 3DF
2-2: Ball
3-2: Base on Balls
Sonny Pouliot to third
Jesús Catete to second
Batting: SHB Luis Ramírez 0-0: Grounds into double play, 6-2-3 (Groundball, 6, EV 81.3 MPH)
Jesús Catete to third
António Garduno to second
Pinch Hitting: LHB Rod Truong 0-0: Called Strike
0-1: Ball
1-1: Foul Ball, location: 9LSF
1-2: Ball
2-2: Ball
3-2: Ground out 5-3 (Groundball, 5S, EV 67.5 MPH)
Bottom of the 8th over - 0 runs, 2 hits, 0 errors, 2 left on base; Frisco 1 - Northwest Arkansas 0
TOP OF THE 9TH
Frisco RoughRiders batting - Pitching for Northwest Arkansas Naturals : RHP Po-sin Chen
Now at 2B: Gil Reynolds
Now at SS: Rod Truong
Batting: LHB Jim Unknown 0-0: Ball
1-0: Swinging Strike
1-1: Ground out 5-3 (Groundball, 5, EV 90.0 MPH)
Batting: LHB Jim Unknown 0-0: Called Strike
0-1: Ball
1-1: Ball
2-1: Foul Ball, location: 9LMF
2-2: SINGLE (Groundball, 34D, EV 94.4 MPH)
Batting: RHB Dave Maxwell 0-0: Ball
1-0: Ball
2-0: Ball
3-0: Base on Balls
Jim Unknown to second
Pitching: LHP Chris Conley
Batting: RHB António Ramírez 0-0: Swinging Strike
0-1: Foul Ball, location: 2F
0-2: Fly out, F9 (Flyball, 9, EV 80.6 MPH)
Batting: LHB Caspar Ahernfeld 0-0: Called Strike
0-1: Swinging Strike
0-2: Strikes out swinging
Top of the 9th over - 0 runs, 1 hit, 0 errors, 2 left on base; Frisco 1 - Northwest Arkansas 0
BOTTOM OF THE 9TH
Northwest Arkansas Naturals batting - Pitching for Frisco RoughRiders : RHP Jim Unknown
Batting: RHB Gil Reynolds 0-0: Ball
1-0: Swinging Strike
1-1: Called Strike
1-2: Foul Ball, location: 3SF
1-2: Ball
2-2: Ball
3-2: Fly out, F3 (Popup, 3SF, EV 69.4 MPH)
Batting: LHB José Sánchez 0-0: Called Strike
0-1: Called Strike
0-2: Hit by Pitch
Batting: LHB Joe Hancock 0-0: Ball
1-0: Ball
2-0: Foul Ball, location: 2F
2-1: Called Strike
2-2: Ball
3-2: Base on Balls
José Sánchez to second
Pinch Hitting: SHB Pepe Salinas 0-0: Ball
1-0: Ball
2-0: Swinging Strike
2-1: SINGLE (Groundball, 13, EV 76.3 MPH) (infield hit)
José Sánchez to third
Joe Hancock to second
Pitching: RHP Jim Unknown
Batting: LHB Sonny Pouliot 0-0: Grounds into fielders choice 6-2 (Groundball, 56, EV 86.3 MPH)
Joe Hancock to third
Pepe Salinas to second
Batting: SHB Jesús Catete 0-0: GRAND SLAM HOME RUN (Flyball, 8LXD, EV 108.1 MPH), Distance : 439 ft
Bottom of the 9th over - 4 runs, 2 hits, 0 errors, 0 left on base; Frisco 1 - Northwest Arkansas 4
Monday, April 1st , 2024 - OOTP Baseball 24.10 Build 82